 Dungeon Crawl Stone Soup version 0.24-a0-3-g5a19998 (webtiles) character file.

Game seed: 11165396439481567799

413 Blackhawk the Ducker (level 6, 0/48 HPs)
             Began as a Demonspawn Gladiator on Jan 29, 2019.
             Was an Initiate of Nemelex Xobeh.
             Slain by an orc priest
             ... wielding a +3 flail
              (8 damage)
             ... on level 5 of the Dungeon.
             The game lasted 00:10:06 (2926 turns).

Blackhawk the Ducker (Demonspawn Gladiator)         Turns: 2926, Time: 00:10:06

Health: 0/48       AC:  5    Str: 16    XL:     6   Next: 59%
Magic:  6/6        EV: 19    Int: 10    God:    Nemelex Xobeh [......]
Gold:   264        SH:  4    Dex: 19    Spells: 4/5 levels left

rFire    . . .     SeeInvis .   a - +0 war axe
rCold    . . .     Gourm    .   z - +0 buckler
rNeg     . . .     Faith    .   b - +0 leather armour
rPois    .         Spirit   .   c - +0 helmet
rElec    .         Reflect  .   n - +0 cloak
rCorr    .         Harm     .   (no gloves)
MR       .....                  (no boots)
Stlth    +++.......             k - amulet of regeneration
HPRegen  0.56/turn              (no ring)
MPRegen  0.10/turn              (no ring)

@: agile
A: claws 1, sturdy frame 1
a: Draw Escape, Draw Destruction, Draw Summoning, Renounce Religion


You were on level 5 of the Dungeon.
You worshipped Nemelex Xobeh.
Nemelex Xobeh was noncommittal.
You were not hungry.

You visited 1 branch of the dungeon, and saw 5 of its levels.

You collected 264 gold pieces.

Inventory:

Hand Weapons
 a - a +0 war axe (weapon)
Missiles
 d - 3 throwing nets (quivered)
Armour
 b - a +0 leather armour (worn)
 c - a +0 helmet (worn)
 n - a +0 cloak (worn)
 z - a +0 buckler (worn)
Jewellery
 k - an amulet of regeneration (around neck)
Scrolls
 e - 4 scrolls of magic mapping {unknown}
 g - 4 scrolls of teleportation {unknown}
 l - a scroll of random uselessness {unknown}
 m - a scroll of immolation {unknown}
 o - 5 scrolls of identify {unknown}
 p - a scroll of enchant armour {unknown}
 q - 2 scrolls of blinking {unknown}
 r - a scroll of fog {unknown}
 t - a scroll of fear {unknown}
 u - 4 scrolls of remove curse {unknown}
 v - 2 scrolls of amnesia {unknown}
 y - a scroll of noise {unknown}
Potions
 h - 2 potions of degeneration {unknown}
 i - a potion of agility
 j - 4 potions of curing {unknown}
 s - 2 potions of cancellation {unknown}
 w - a potion of haste {unknown}
 x - a potion of heal wounds {unknown}
Comestibles
 f - 9 rations
 A - 5 chunks of flesh


   Skills:
 + Level 3.8 Fighting
 + Level 4.0 Axes
 - Level 2.2 Throwing
 + Level 2.4 Armour
 + Level 4.1 Dodging
 + Level 0.9 Conjurations


You had 4 spell levels left.
You knew the following spells:

 Your Spells              Type           Power        Failure   Level  Hunger
a - Magic Dart            Conj           #...         41%         1    ##.....

Your spell library contained the following spells:

 Spells                   Type           Power        Failure   Level  Hunger
 Searing Ray              Conj           #.....       56%         2    ###....
 Dazzling Spray           Conj/Hex       #.....       86%         3    ####...
 Force Lance              Conj/Tloc      #.......     99%         4    #####..
 Fulminant Prism          Conj/Hex       #.........   99%         4    #####..
 Iskenderun's Mystic Bla  Conj           #.......     99%         4    #####..


Dungeon Overview and Level Annotations

Branches:
Dungeon (4/15)
 Temple: D:4-7

Altars:
Cheibriados
Dithmenos
Gozag
Nemelex Xobeh


Innate Abilities, Weirdness & Mutations

You have sharp fingernails.
Your movements are slightly less encumbered by armour. (ER -2)


Message History

The orc is lightly wounded.
You slash the water moccasin! You hit the orc priest.
The water moccasin closely misses you. The orc completely misses you.
The orc priest barely misses you.
You hit the orc but do no damage.
The orc is lightly wounded.
You miss the water moccasin. You hit the orc priest.
The water moccasin completely misses you.
You block the water moccasin's attack. The orc hits you with a +0 club.
* * * LOW HITPOINT WARNING * * *
The orc throws a tomahawk.
The tomahawk misses you. The orc priest misses you.
You slash the orc!
You kill the orc!
You slash the water moccasin! You hit the orc priest.
The water moccasin misses you.
The orc throws a tomahawk.
The tomahawk closely misses you.
The water moccasin bites you but does no damage.
The orc priest hits you with a +3 flail!
You die...
Your body disappears without a glow.

...........##
#....#..#...#
#...........#
#..#..(...#..
#............
#...%........
#..#..S...#..
#..(@)......
#.$.#o.#...#
##........ #
##o....#...
..(.....##
#...#####
#...# #...#


You could see a water moccasin, an orc priest and an orc.

Vanquished Creatures
  A bullfrog (D:4)
  A hound (D:3)
  An orc priest (D:5)
  A bullfrog skeleton (D:4)
  Jessica (D:2)
  2 orc wizards (D:4)
  A worker ant (D:3)
  5 adders
  3 gnolls (D:3)
  3 oozes
  A worm (D:4)
  4 dart slugs
  A leopard gecko (D:4)
  7 orcs
  A giant cockroach (D:3)
  5 goblins
  7 hobgoblins
  5 kobolds
  2 quokkas
  7 bats
  4 frilled lizards
  A leopard gecko skeleton (D:4)
  2 rats
66 creatures vanquished.

Notes
Turn   | Place    | Note
-------+----------+-------------------------------------------
     0 | D:1      | Blackhawk the Demonspawn Gladiator began the quest for the
                  | Orb.
     0 | D:1      | Reached XP level 1. HP: 16/16 MP: 1/1
    31 | D:1      | Gained mutation: Your movements are slightly less
                  | encumbered by armour. (ER -2) [demonic ancestry]
    31 | D:1      | Reached XP level 2. HP: 14/22 MP: 2/2
   591 | D:1      | Reached XP level 3. HP: 28/28 MP: 3/3
   863 | D:2      | Noticed Jessica
   863 | D:2      | Noticed an ogre
   887 | D:2      | Killed Jessica
  1201 | D:3      | Reached XP level 4. HP: 34/34 MP: 4/4
  1268 | D:3      | Reached skill level 1 in Armour
  1704 | D:3      | Reached XP level 5. HP: 13/41 MP: 5/5
  1905 | D:3      | Found a shadowy altar of Dithmenos.
  2133 | D:3      | Found a sparkling altar of Nemelex Xobeh.
  2134 | D:3      | Found an opulent altar of Gozag.
  2141 | D:3      | Became a worshipper of Nemelex Xobeh the Trickster
  2353 | D:4      | Received a gift from Nemelex Xobeh
  2366 | D:4      | Gained mutation: You have sharp fingernails. [demonic
                  | ancestry]
  2366 | D:4      | Reached XP level 6. HP: 12/47 MP: 6/6
  2376 | D:4      | Learned a level 1 spell: Magic Dart
  2808 | D:4      | Upgraded the game from 0.23-a0-899-gbbae0a3 to 0.23-b1
  2808 | D:4      | Upgraded the game from 0.23-b1 to 0.24-a0-3-g5a19998
  2809 | D:4      | Received a gift from Nemelex Xobeh
  2882 | D:4      | Found a snail-covered altar of Cheibriados.
  2918 | D:4      | You fall through a shaft!
  2918 | D:5      | Entered Level 5 of the Dungeon
  2919 | D:5      | Noticed a water moccasin
  2926 | D:5      | Slain by an orc priest

Vault maps used:
D:1:      wander_arrival_chamber
D:2:      first_ration, uniq_jessica
D:3:      grunt_temple_overflow_opulence, nicolae_overflow_crystal_walls,
          minmay_misc_feat_rugged, minmay_misc_feat_enclosed
D:4:      lemuel_round_altar
D:5:      nicolae_tso_carved_into_rock, lemuel_crystal_altar,
          minmay_temple_entry_large_hall, minmay_misc_feat_plants

Skill      XL: |  1  2  3  4  5  6 |
---------------+-------------------+-----
Throwing       | 2 |  2.2
Axes           | 3 4 |  4.0
Dodging        | 3 4 |  4.1
Armour         | 1 2 |  2.4
Fighting       | 3 |  3.8
Conjurations   | |  0.9

Action                   |  1- 3 |  4- 6 || total
-------------------------+-------+-------++-------
Melee: War axe           |    57 |   157 ||   214
 Cast: Magic Dart        |       |     3 ||     3
 Abil: Draw Escape       |       |     1 ||     1
  Use: Potion            |       |     1 ||     1
 Stab: Sleeping          |     1 |     1 ||     2
  Eat: Chunk             |     1 |     6 ||     7
Armor: Leather armour    |     8 |    48 ||    56
Dodge: Dodged            |    39 |   149 ||   188
Block: Buckler           |       |    10 ||    10

Table legend:
 A = Non-vault XP
 B = Vault XP
 C = Vault XP percentage of total XP
 D = Non-vault monster count
 E = Vault monster count
 F = Vault count percentage of total count
                 A         B        C        D         E       F
            +---------+---------+-------+---------+---------+-------
      Total |     554 |      37 |   6.3 |      65 |       1 |   1.5
            +---------+---------+-------+---------+---------+-------
        D:1 |      46 |       0 |   0.0 |      19 |       0 |   0.0
        D:2 |       8 |      37 |  82.2 |       4 |       1 |  20.0
        D:3 |     213 |       0 |   0.0 |      25 |       0 |   0.0
        D:4 |     241 |       0 |   0.0 |      14 |       0 |   0.0
        D:5 |      46 |       0 |   0.0 |       3 |       0 |   0.0
            +---------+---------+-------+---------+---------+-------
